 Dungeon Crawl Stone Soup version 0.31.0-12-g77e489cdc1 (webtiles) character file.

Game seed: 10687896287078937669

170 Gadfly the Trooper (level 5, -1/82 HPs)
             Began as an Oni Berserker on Feb 21, 2024.
             Was a Believer of Trog.
             Slain by kftrendy's ghost (9 damage)
             ... on level 4 of the Dungeon.
             The game lasted 00:03:57 (2988 turns).

Gadfly the Trooper (Oni Berserker)                  Turns: 2988, Time: 00:03:57

Health: -1/82      AC:  4    Str: 21    XL:     5   Next: 51%
Magic:  5/5        EV: 10    Int:  8    God:    Trog [**....]
Gold:   192        SH:  0    Dex: 10    Spells: 4/4 levels left

rFire   . . .        a - +0 flail
rCold   . . .        (no shield)
rNeg    . . .        b - +1 animal skin
rPois   .            (helmet restricted)
rElec   .            (no cloak)
rCorr   .            (gloves unavailable)
SInv    .            (boots unavailable)
Will    .....        (no amulet) Stlth
                     (no ring)
HPRegen 0.33/turn    (no ring)
MPRegen 0.09/turn

%: no passive effects
@: berserking, very quick
A: large, unfitting armour, horns 1, tough skin 1, double potion healing,
drunken brawling
a: Renounce Religion, Berserk, Trog's Hand


You were on level 4 of the Dungeon.
You worshipped Trog.
Trog was pleased with you.
You visited 1 branch of the dungeon, and saw 4 of its levels.

You collected 192 gold pieces.

Inventory:

Hand Weapons
 a - a +0 flail (weapon)
Armour
 b - a +1 animal skin (worn)
Jewellery
 m - a +6 ring of strength
Scrolls
 d - 3 scrolls of identify {unknown}
 g - 3 scrolls of revelation
 j - a scroll of teleportation
Potions
 c - 3 potions of magic {unknown}
 e - a potion of ambrosia {unknown}
 f - 2 potions of enlightenment {unknown}
 h - 3 potions of curing
 i - a potion of attraction {unknown}
 k - a potion of brilliance {unknown}
 l - 3 potions of heal wounds {unknown}


   Skills:
 + Level 4.8 Fighting
 * Level 4.0 Maces & Flails
 * Level 2.2 Armour
 - Level 2.6 Dodging
 * Level 2.0 Evocations


You had 4 spell levels left.
You didn't know any spells.
Your spell library was empty.

Dungeon Overview and Level Annotations

Branches:
Dungeon (4/15)
 Temple: D:4-7

Altars:
Makhleb

Shops:
D:1 [

Annotations:
D:4 kftrendy's ghost, novice TrFi


Innate Abilities, Weirdness & Mutations

You are too large for most types of armour.
You have a pair of small horns on your head.
You have tough skin. (AC +1)
You gain doubled healing and magic from potions.
Whenever you drink a healing potion, you attack all around you.


Message History

No reachable target in view!
No reachable target in view!
No reachable target in view!
Okay, then.
You open the door.
Okay, then.
You closely miss kftrendy's ghost. Your headbutt misses kftrendy's ghost.
Kftrendy's ghost hits you!
You hit kftrendy's ghost but do no damage.
Kftrendy's ghost hits you but does no damage.
Kftrendy's ghost completely misses you.
You hit kftrendy's ghost.
Kftrendy's ghost is lightly damaged.
Kftrendy's ghost hits you!
A red film seems to cover your vision as you go berserk!
You feel yourself moving faster!
You feel mighty! Kftrendy's ghost barely misses you.
You sock kftrendy's ghost! Your punch misses kftrendy's ghost.
Kftrendy's ghost is moderately damaged.
Kftrendy's ghost barely misses you.
You thump kftrendy's ghost!
Kftrendy's ghost is moderately damaged.
You sock kftrendy's ghost!
Kftrendy's ghost is heavily damaged.
Kftrendy's ghost hits you!
You closely miss kftrendy's ghost. Your headbutt misses kftrendy's ghost.
Kftrendy's ghost is heavily damaged.
Kftrendy's ghost hits you!!
* * * LOW HITPOINT WARNING * * *
Unknown command.
You sock kftrendy's ghost! Your headbutt misses kftrendy's ghost.
Kftrendy's ghost is severely damaged.
Kftrendy's ghost hits you!
* * * LOW HITPOINT WARNING * * *
You barely miss kftrendy's ghost.
Kftrendy's ghost is severely damaged.
You closely miss kftrendy's ghost. You headbutt kftrendy's ghost!
Kftrendy's ghost is severely damaged.
Kftrendy's ghost hits you!
You die...

###
###............#..##.......
#............#...........
##........##.............
##...#...##............>
##........##....####.....
#....#.##.#......# #.....
###.#####.....###.###.....
#....####.......#..##.....
##...#..#@..........#.....
##..#8$W...............#.
####P.#......#.....#....
####....###..........
#....## ##......... ##...#
###....... ##### #.....#.
#.....#. ##.##.#.


You could see kftrendy's ghost.

Vanquished Creatures
  A hound (D:4)
  2 iguanas (D:4)
  2 adders (D:3)
  3 dart slugs
  A ribbon worm (D:2)
  5 orcs (D:3)
  5 ball pythons
  6 endoplasms
  2 giant cockroaches (D:1)
  5 goblins
  9 hobgoblins
  4 jackals (D:3)
  2 frilled lizards
  5 kobolds
  5 rats
57 creatures vanquished.

Notes
Turn   | Place    | Note
-------+----------+-------------------------------------------
     0 | D:1      | Gadfly the Oni Berserker began the quest for the Orb.
     0 | D:1      | Reached XP level 1. HP: 24/24 MP: 1/1
    13 | D:1      | Found Zuprivex's Antique Armour Shop.
   304 | D:1      | You fall into a shaft and drop 1 floor!
   316 | D:2      | Reached XP level 2. HP: 32/32 MP: 2/2
   782 | D:2      | Reached skill level 1 in Armour
   950 | D:2      | Reached XP level 3. HP: 36/39 MP: 3/3
  1168 | D:2      | Reached skill level 1 in Evocations
  1701 | D:3      | Found a faded altar of an unknown god.
  1718 | D:3      | Reached ** piety under Trog
  1719 | D:3      | Reached XP level 4. HP: 49/49 MP: 4/4
  2235 | D:3      | Found a burning altar of Makhleb.
  2235 | D:3      | Noticed a blizzard demon
  2238 | D:3      | Noticed a ynoxinul
  2238 | D:3      | Noticed an orange demon
  2529 | D:4      | Reached XP level 5. HP: 46/55 MP: 5/5
  2800 | D:4      | Found a runed translucent door.
  2800 | D:4      | Noticed kftrendy's ghost (novice TrFi)
  2988 | D:4      | Slain by kftrendy's ghost

Illustrated notes

Levels and vault maps discovered:
D:1:      wheals_arrival_shading, layout_basic, serial_shops, shop_fountains
D:2:      layout_basic
D:3:      layout_basic, makhleb_altar_promises_db,
          dreamdust_ecumenical_altar_statues, chequers_serial_rivers_marsh,
          moated_statue, minmay_misc_feat_x, minivault_23
D:4:      layout_cave_pools, gammafunk_ghost_grave

Skill      XL: |  1  2  3  4  5 |
---------------+----------------+-----
Armour         | 1 2 |  2.2
Evocations     | 1 2 |  2.0
Maces & Flails | 4 |  4.0
Fighting       | |  4.8
Dodging        | |  2.6

Action                     |  1- 3 |  4- 6 || total
---------------------------+-------+-------++-------
  Melee: Mace              |    89 |    18 ||   107
         Headbutt          |    11 |     9 ||    20
         Flail             |       |    45 ||    45
 Invoke: Berserk           |       |     1 ||     1
    Use: Scroll            |     7 |       ||     7
         Potion            |     1 |       ||     1
   Stab: Sleeping          |       |     1 ||     1
 Armour: Animal skin       |    54 |    50 ||   104
  Dodge: Dodged            |    45 |    30 ||    75
